 Dungeon Crawl Stone Soup version 0.30-a0-622-gddc90eaa04 (webtiles) character file.

Game seed: 691491265107184163

52 bmack86 the Trooper (level 3, -4/34 HPs)
             Began as a Minotaur Fighter on Jan 10, 2023.
             Killed by an exploding Terence (33 damage)
             ... ignited by their inner flame
             ... on level 3 of the Dungeon.
             The game lasted 00:03:12 (1132 turns).

bmack86 the Trooper (Minotaur Fighter)              Turns: 1132, Time: 00:03:12

Health: -4/34      AC: 12    Str: 22    XL:     3   Next: 60%
Magic:  2/2        EV:  7    Int:  5    God:
Gold:   59         SH:  4    Dex:  9    Spells: 2/2 levels left

rFire   . . .      SeeInvis .    a - +0 war axe
rCold   . . .      Faith    .    c - +0 buckler
rNeg    . . .      Spirit   .    i - +0 chain mail
rPois   .          Reflect  .    (helmet restricted)
rElec   .          Harm     .    l - +0 cloak
rCorr   .          Rampage  .    (no gloves)
Will    .....                    f - +1 pair of boots Stlth
                                 (no amulet)
HPRegen 0.25/turn                (no ring)
MPRegen 0.08/turn                (no ring)

@: no status effects
A: horns 2, retaliatory headbutt
a: no special abilities


You were on level 3 of the Dungeon.
You visited 1 branch of the dungeon, and saw 3 of its levels.

You collected 108 gold pieces.
You spent 49 gold pieces at shops.

Inventory:

Hand Weapons
 a - a +0 war axe (weapon)
Armour
 b - a +0 scale mail
 c - a +0 buckler (worn)
 f - a +1 pair of boots (worn)
 i - a +0 chain mail (worn)
 l - a +0 cloak (worn)
Potions
 d - a potion of might
 m - a potion of curing


   Skills:
 * Level 4.3 Fighting
 * Level 3.4 Axes
 + Level 4.1 Armour
 + Level 4.0 Shields


You had 2 spell levels left.
You didn't know any spells.
Your spell library contained the following spells:

 Spells                   Type           Power      Damage    Failure   Level
 Ensorcelled Hibernation  Hex/Ice        0%         N/A       100%        2
 Spider Form              Tmut/Pois      0%         N/A       100%        3
 Anguish                  Hex/Necr       0%         N/A       100%        4


Dungeon Overview and Level Annotations

Branches:
Dungeon (3/15)

Altars:

Shops:
D:2 [


Innate Abilities, Weirdness & Mutations

You have a pair of horns on your head.
You reflexively headbutt those who attack you in melee.


Message History

There's nothing to close nearby.
You see here an adder skeleton.
There is a stone staircase leading down here.
You climb downwards.
Terence shouts!
Found a stone staircase leading up.
There is a stone staircase leading up here.
As you read the scroll labelled FOOC MAINWAF, it crumbles to dust.
You feel aware of your surroundings.
You sensed 1 altar.
It was a scroll of magic mapping.
As you read the scroll labelled RUKAED WAMAOGY, it crumbles to dust.
It is a scroll of identify.
m - a potion of curing
As you read the scroll labelled WATZEI YZIXTE, it crumbles to dust.
It is a scroll of enchant armour.
Your +0 pair of boots glows green for a moment.
As you read the scroll labelled HILUVIU OFROD, it crumbles to dust.
You hear a loud clanging noise!
It was a scroll of noise.
You hear a shout! x2
As you read the scroll labelled XIENIA RAUDYNI, it crumbles to dust.
It is a scroll of amnesia.
You feel forgetful for a moment.
As you read the scroll labelled UBUJAN SETO, it crumbles to dust.
The creatures around you are filled with an inner flame!
It was a scroll of immolation.
A goblin comes into view.
It is wielding a +1 dagger of protection.
Terence barely misses you.
Terence hits you with a +2 mace of holy wrath.
You slash Terence!
Flame seeps out of Terence.
Your headbutt misses Terence.
Terence is moderately wounded.
Terence is engulfed in blazing flames.
Flame seeps out of Terence.
Terence closely misses you.
You barely miss Terence.
Flame seeps out of Terence.
You headbutt Terence.
Terence is severely wounded.
Terence is engulfed in blazing flames.
Terence explodes!
The fiery explosion engulfs you!!
Ouch! That really hurt!
You die...

,,,,,,,,,...,,,,,,,,,,,,,,,,,,,,,
,,,,,,,,,....########******,*,***
*,,,,,,,,,...#......###*,,,,,,***
*******+***#..........#*,*,,,,*,,
*,*,*###..........#,,,,,,,*,*
*,*,,.............#,,,,,,,*,*
*,,,,...........####.*,,,,*,*
*,*,,.......§§§.g....,,**,,,,
*,*,*#......@°#.####.******,*
*,*,,+......§##,# *,* *,,,,
*,***#.......#*,* *,****,*,* *,*
#.......#*,* *,,,,,,*,* *,*
#.......#*,***********,* *,*
#.......#*,,,,,,,,,,,,,* *,*
#.......#**************, *,*
#.......# *, *,* *,,,,,,,* *,


You could see a goblin.

Vanquished Creatures
  Terence (D:3)
  2 adders (D:2)
  A worm (D:2)
  2 dart slugs (D:2)
  3 ball pythons (D:1)
  4 endoplasms
  A goblin (D:2)
  2 hobgoblins
  3 kobolds
  2 quokkas (D:2)
  5 frilled lizards (D:2)
  3 rats
29 creatures vanquished.

Notes
Turn   | Place    | Note
-------+----------+-------------------------------------------
     0 | D:1      | bmack86 the Minotaur Fighter began the quest for the Orb.
     0 | D:1      | Reached XP level 1. HP: 19/19 MP: 0/0
   471 | D:1      | Reached XP level 2. HP: 27/27 MP: 1/1
   720 | D:2      | Reached XP level 3. HP: 33/33 MP: 2/2
   878 | D:2      | Found Nepoekid's Armour Shoppe.
   892 | D:2      | Bought a +0 cloak for 49 gold pieces
  1121 | D:3      | Noticed Terence
  1132 | D:3      | Killed Terence
  1132 | D:3      | Killed by an exploding Terence... ignited by their inner
                  | flame

Illustrated notes

Levels and vault maps discovered:
D:1:      tarquinn_simple_flora_water_a, layout_basic
D:2:      layout_rooms, serial_shops, nicolae_lakefront_shop,
          minmay_heptomino_w4
D:3:      layout_basic, dreamdust_ecumenical_altar_drowned_temple, hex_large,
          uniq_grinder, uniq_terence, uniq_robin

Skill      XL: |  1  2  3 |
---------------+----------+-----
Fighting       | 4 |  4.3
Axes           | 3 |  3.4
Armour         | 4 |  4.1
Shields        | 4 |  4.0

Action                   || total
-------------------------++-------
Melee: War axe           ||    54
       Headbutt          ||    15
  Use: Scroll            ||     6
Armor: Scale mail        ||    18
       Chain mail        ||    10
Dodge: Dodged            ||    22
Block: Buckler           ||     7

Table legend: (Time is in decaauts)
 A = Elapsed time spent in this place.
 B = Non-inter-level travel time spent in this place.
 C = Inter-level travel time spent in this place.
 D = Time resting spent in this place.
 E = Time spent auto-exploring this place.
 F = Levels seen in this place.
 G = Mean time per level.
                   A        B        C        D        E       F      G
               +--------+--------+--------+--------+--------+-----+--------+
         Total |   1152 |   1075 |     77 |      0 |    699 |   3 |  384.0 |
       Dungeon |   1152 |   1075 |     77 |      0 |    699 |   3 |  384.0 |
               +--------+--------+--------+--------+--------+-----+--------+

Top non-repeatable levels by time:
     D:1: 591 daAuts
     D:2: 549 daAuts
     D:3: 11 daAuts
